 Dungeon Crawl Stone Soup version 0.28.0-47-ge53b351184 (webtiles) character file.

Game seed: 16720669927220328231

109 Cak3Hol3 the Digger (level 4, -2/24 HPs)
             Began as a Gargoyle Earth Elementalist on May 4, 2022.
             Slain by an iguana (3 damage)
             ... on level 3 of the Dungeon.
             The game lasted 00:16:18 (3799 turns).

Cak3Hol3 the Digger (Gargoyle Earth Elementalist)   Turns: 3799, Time: 00:16:19

Health: -2/24      AC:  9    Str: 11    XL:     4   Next: 90%
Magic:  8/8        EV: 12    Int: 18    God:
Gold:   118        SH:  0    Dex: 10    Spells: 6/9 levels left

rFire   . . .      SeeInvis .   d - +0 dagger (venom)
rCold   . . .      Faith    .   (no shield)
rNeg    + . .      Spirit   .   b - +0 robe
rPois   ∞          Reflect  .   p - +0 helmet
rElec   +          Harm     .   (no cloak)
rCorr   .          Rampage  .   q - +2 pair of gloves
Will    .....                   (no boots)
Stlth   ++........              (no amulet)
HPRegen 0.08/turn               (no ring)
MPRegen 0.11/turn               (no ring)

@: no status effects
A: sickness immunity, AC +3, negative energy resistance 1, electricity
resistance, torment resistance 1, petrification resistance
a: no special abilities


You were on level 3 of the Dungeon.
You visited 1 branch of the dungeon, and saw 4 of its levels.

You collected 118 gold pieces.

Inventory:

Hand Weapons
 d - a +0 dagger of venom (weapon)
Missiles
 m - 5 large rocks
 o - 5 poisoned darts
Armour
 b - a +0 robe (worn)
 l - the +2 leather armour "Molud" {rF++}
   (You found it on level 2 of the Dungeon)

   rF:        It greatly protects you from fire.
 p - a +0 helmet (worn)
 q - a +2 pair of gloves (worn)
Wands
 f - a wand of flame (13)
 n - a wand of polymorph (8)
Scrolls
 a - a scroll of enchant weapon {unknown}
 e - a scroll of fear {unknown}
 h - a scroll of identify
 i - 3 scrolls of magic mapping
 j - a scroll of acquirement {unknown}
 k - 2 scrolls of enchant armour {unknown}
 r - a scroll of immolation {unknown}
Potions
 c - a potion of lignification
 g - a potion of magic
 s - a potion of heal wounds {unknown}
 t - a potion of resistance {unknown}
 u - a potion of flight {unknown}


   Skills:
 + Level 1.7 Dodging
 * Level 2.7 Stealth
 * Level 3.0 Spellcasting
 + Level 0.7 Transmutations
 * Level 5.1 Earth Magic
 + Level 0.9 Evocations


You had 6 spell levels left.
You knew the following spells:

 Your Spells              Type           Power      Damage    Failure   Level
a - Sandblast             Erth           42%        2d11      1%          1
b - Passwall              Tmut/Erth      10%        N/A       8%          2

Your spell library contained the following spells:

 Spells                   Type           Power      Damage    Failure   Level
 Shock                    Conj/Air       8%         1d3       16%         1
 Stone Arrow              Conj/Erth      22%        3d8       17%         3
 Swiftness                Air            2%         N/A       43%         3
 Petrify                  Tmut/Erth      13%        N/A       43%         4
 Airstrike                Air            1%         N/A       85%         4


Dungeon Overview and Level Annotations

Branches:
Dungeon (4/15)
 Temple: D:4-7

Altars:


Innate Abilities, Weirdness & Mutations

You are immune to sickness and miasma.
Your stone body is resilient. (AC +3)
You are immune to poison.
You resist negative energy. (rN+)
You are resistant to electric shocks. (rElec)
You are resistant to unholy torment.
You are immune to petrification.


Message History

Unknown command.
Aiming: Passwall (safe; 8% risk of failure)
Press: ? - help, Q - select action, (/) - cycle Dir - move target, p - necrophage A rock wall.
You begin to meditate on the wall.
You continue meditating on the rock.
The necrophage hits you but does no damage.
You continue meditating on the rock.
The necrophage closely misses you.
You finish merging with the rock.
The hobgoblin shouts!
There is a stone staircase leading up here.
You climb upwards.
The iguana barely misses you. The iguana bites you!
There is a stone staircase leading down here.
Okay, then.
You hit the iguana.
The iguana is lightly wounded.
The iguana bites you.
You barely miss the iguana.
The iguana is lightly wounded.
The iguana closely misses you.
You hit the iguana but do no damage.
The iguana is lightly wounded.
The iguana closely misses you.
You hit the iguana but do no damage.
The iguana is poisoned.
The iguana is lightly wounded.
The iguana bites you but does no damage.
You barely miss the iguana.
The iguana is lightly wounded.
The iguana barely misses you.
You closely miss the iguana.
The iguana is lightly wounded.
The iguana bites you!
* * * LOW HITPOINT WARNING * * *
You closely miss the iguana.
The iguana is moderately wounded.
The iguana closely misses you.
You hit the iguana but do no damage.
The iguana looks even sicker.
The iguana is heavily wounded.
The iguana bites you.
You die...

#.................
#.#############...
#.# #... #.# #...
#.#############.##
#.................
####.#############.##
#....#############.##
#.##@................
#....l....###########
#########.# #........
#.# #.####### #.# #.#
#.. #l# #.# #.. #.#
#.# #..
####.###.#####..
#............#..


You could see an iguana (very poisoned).

Vanquished Creatures
  3 gnolls (D:2)
  2 adders
  5 dart slugs
  An orc (D:3)
  4 ball pythons
  2 endoplasms
  5 giant cockroaches
  7 goblins
  7 hobgoblins
  4 jackals (D:1)
  2 quokkas
  3 bats
  A frilled lizard (D:1)
  2 kobolds
  A rat (D:3)
49 creatures vanquished.

Notes
Turn   | Place    | Note
-------+----------+-------------------------------------------
     0 | D:1      | Cak3Hol3 the Gargoyle Earth Elementalist began the quest
                  | for the Orb.
     0 | D:1      | Reached XP level 1. HP: 10/10 MP: 3/3
   103 | D:1      | Reached skill level 4 in Earth Magic
   103 | D:1      | Reached XP level 2. HP: 12/15 MP: 1/5
   680 | D:1      | Reached XP level 3. HP: 19/19 MP: 3/6
  1204 | D:2      | Found a faded altar of an unknown god.
  1417 | D:2      | Learned a level 2 spell: Passwall
  1686 | D:2      | Identified the +2 leather armour "Molud" {rF++}
  1919 | D:2      | Reached XP level 4. HP: 24/24 MP: 8/8
  1922 | D:2      | Reached skill level 5 in Earth Magic
  2907 | D:3      | Noticed a centaur
  3474 | D:3      | a centaur changed into an iguana
  3740 | D:4      | Noticed a necrophage
  3797 | D:3      | HP: 1/24 [iguana (11)]
  3799 | D:3      | Slain by an iguana

Illustrated notes

Levels and vault maps discovered:
D:1:      dpeg_arrival_court, layout_basic, minivault_5,
          chequers_serial_rivers_micro_c
D:2:      layout_basic, basic_ecumenical_altar, hex_tiny
D:3:      layout_basic
D:4:      layout_loops_ring, nicolae_ru_the_path_less_chosen, fedhas_altar_4

Skill      XL: |  1  2  3  4 |
---------------+-------------+-----
Earth Magic    | 4 5 |  5.1
Spellcasting   | 3 |  3.0
Dodging        | |  1.7
Stealth        | |  2.7
Transmutations | |  0.7
Evocations     | |  0.9

Action                   |  1- 3 |  4- 6 || total
-------------------------+-------+-------++-------
Melee: Unarmed           |     3 |       ||     3
       Dagger            |    19 |    46 ||    65
Throw: Dart              |       |     1 ||     1
 Cast: Sandblast         |    30 |       ||    30
       Passwall          |       |     4 ||     4
Evoke: Wand              |     7 |    10 ||    17
  Use: Scroll            |       |     3 ||     3
 Stab: Sleeping          |       |     3 ||     3
Armor: Robe              |     9 |    15 ||    24
Dodge: Dodged            |    12 |    38 ||    50
